 Dungeon Crawl Stone Soup version 0.28.0-43-g3370ac3207 (webtiles) character file.

Game seed: 7675862911317643290

28 diana the Vexing (level 2, 0/11 HPs)
             Began as a Felid Enchanter on Mar 27, 2022.
             Slain by a kobold
             ... wielding a +0 club
              (2 damage)
             ... on level 1 of the Dungeon.
             The game lasted 00:02:53 (2611 turns).

diana the Vexing (Felid Enchanter)                  Turns: 2611, Time: 00:02:53

Health: 0/11       AC:  1    Str:  4    XL:     2   Next: 96%
Magic:  1/6        EV: 17    Int: 16    God:
Gold:   40         SH:  0    Dex: 16    Spells: 3/5 levels left
                                        Lives:  0   Deaths: 0

rFire   x . .      SeeInvis +     - Unarmed
rCold   + . .      Faith    .   (shield unavailable)
rNeg    . . .      Spirit   .   (armour unavailable)
rPois   .          Reflect  .   (helmet unavailable)
rElec   .          Harm     .   (cloak unavailable)
rCorr   .          Rampage  .   (gloves unavailable)
Will    .....                   (boots unavailable)
Stlth   +++.......              (no amulet)
HPRegen 0.03/turn               c - ring of ice
MPRegen 0.10/turn               (no ring)

@: quick
A: very small, claws 1, fangs 3, see invisible, speed 1, shaggy fur 1, stealthy
paws, no weapons or thrown items, no armour, multi-lived
a: no special abilities


You were on level 1 of the Dungeon.
You visited 1 branch of the dungeon, and saw 2 of its levels.

You collected 40 gold pieces.

Inventory:

Jewellery
 c - a ring of ice (left paw)
Scrolls
 b - a scroll of teleportation {unknown}
 d - a scroll of blinking {unknown}
Potions
 a - a potion of invisibility
 e - a potion of heal wounds {unknown}


   Skills:
 - Level 2.6 Dodging
 + Level 4.5 Stealth
 + Level 1.6 Unarmed Combat
 - Level 2.0 Spellcasting
 * Level 5.3 Hexes


You had 3 spell levels left.
You knew the following spells:

 Your Spells              Type           Power      Damage    Failure   Level
a - Ensorcelled Hibernat  Hex/Ice        30%        N/A       11%         2

Your spell library contained the following spells:

 Spells                   Type           Power      Damage    Failure   Level
 Confusing Touch          Hex            18%        N/A       7%          3
 Tukima's Dance           Hex            18%        N/A       7%          3
 Dazzling Flash           Conj/Hex       20%        N/A       21%         3


Dungeon Overview and Level Annotations

Branches:
Dungeon (2/15)

Altars:


Innate Abilities, Weirdness & Mutations

You have sharp claws.
You have razor-sharp teeth.
You have supernaturally acute eyesight. (SInv)
You cover ground quickly. (Speed+)
You are covered in fur. (AC +1)
Your paws help you pounce on unaware monsters.
You are incapable of wielding weapons or throwing items.
You cannot wear armour.
You gain extra lives every three experience levels.


Message History

Casting: Ensorcelled Hibernation (safe; 11% risk of failure)
Confirm with . or Enter, or press ? or * to list all spells.
You don't have enough magic to cast this spell.
Casting: Ensorcelled Hibernation (safe; 11% risk of failure)
Confirm with . or Enter, or press ? or * to list all spells.
Aiming: Ensorcelled Hibernation (safe; 11% risk of failure)
Press: ? - help, Shift-Dir - straight line, f - kobold
Aim: a kobold, wielding a +0 club (chance to affect: 66%)
You feel a surge of power!
The kobold struggles to resist.
You barely miss the kobold. The kobold closely misses you.
You closely miss the kobold. The kobold closely misses you.
You barely miss the kobold. Your bite misses the kobold.
The kobold closely misses you.
You closely miss the kobold. The kobold barely misses you.
You scratch the kobold.
The kobold is heavily wounded.
The kobold completely misses you.
You scratch the kobold but do no damage.
The kobold is heavily wounded.
The kobold misses you.
You closely miss the kobold.
The kobold is heavily wounded.
The kobold hits you with a +0 club.
You scratch the kobold but do no damage.
The kobold is heavily wounded.
The kobold barely misses you.
You scratch the kobold but do no damage.
The kobold is heavily wounded.
The kobold hits you but does no damage.
You barely miss the kobold.
The kobold is heavily wounded.
The kobold hits you with a +0 club.
You closely miss the kobold.
The kobold is heavily wounded.
The kobold hits you with a +0 club.
* * * LOW HITPOINT WARNING * * *
You scratch the kobold but do no damage.
The kobold is heavily wounded.
The kobold hits you with a +0 club.
You die...

# #.# #.#.#.#.###
########.# #.#.#.#...#
.......#.# #.#...#.###
######.#.# ##.#####.# #
#.#.# #..# #.# #
#.#.###### #.## #.#
######.#......# #.# #.#
..............###.######.#
#...............@K.....#.#
#.............########.#)#
#...##.######.# #.#.#
....##.# #.# #.#.#
....##.######.# #.#.#
.#[###.##...#.########.#.#
.#.###.##.###.##...>...#.#
.#.....##.# #.##.#######.#
.######...# #.(.(........#


You could see a kobold.

Vanquished Creatures
  A dart slug (D:1)
  2 bats (D:1)
  A giant cockroach (D:1)
  4 goblins (D:1)
  3 hobgoblins
  2 kobolds (D:1)
  A quokka (D:1)
  4 ball pythons (D:1)
  3 frilled lizards (D:1)
  3 rats (D:1)
24 creatures vanquished.

Notes
Turn   | Place    | Note
-------+----------+-------------------------------------------
     0 | D:1      | diana the Felid Enchanter began the quest for the Orb.
     0 | D:1      | Reached XP level 1. HP: 7/7 MP: 4/4
   503 | D:1      | Reached XP level 2. HP: 6/11 MP: 6/6
   506 | D:1      | Learned a level 2 spell: Ensorcelled Hibernation
  1146 | D:1      | Reached skill level 5 in Hexes
  1477 | D:1      | Found a faded altar of an unknown god.
  2611 | D:1      | Slain by a kobold

Illustrated notes

Levels and vault maps discovered:
D:1:      wheals_arrival_linesprint, layout_basic,
          shapermc_ecumenical_altar_ellora, supply_closet_lemuel, st_stairs_13
D:2:      layout_basic

Skill      XL: |  1  2 |
---------------+-------+-----
Hexes          | 5 |  5.3
Dodging        | |  2.6
Stealth        | |  4.5
Unarmed Combat | |  1.6
Spellcasting   | |  2.0

Action                   || total
-------------------------++-------
Melee: Unarmed           ||    63
       Bite              ||     1
 Cast: Ensorcelled Hiber ||     8
 Stab: Sleeping          ||     9
Armor: Skin              ||     4
Dodge: Dodged            ||    34
